 Dungeon Crawl Stone Soup version 0.30-a0-937-ga0a21ad780 (webtiles) character file.

Game seed: 14656903752330730818

35 GloriousHammer the Sneak (level 3, -7/18 HPs)
             Began as a Vine Stalker Brigand on Mar 24, 2023.
             Mangled by a gnoll
             ... wielding a +0 club
              (8 damage)
             ... on level 1 of the Dungeon.
             The game lasted 00:01:17 (584 turns).

GloriousHammer the Sneak (Vine Stalker Brigand)      Turns: 584, Time: 00:01:18

Health: -7/18      AC:  3    Str: 13    XL:     3   Next: 33%
Magic:  0/4        EV: 11    Int: 11    God:
Gold:   56         SH:  0    Dex: 17    Spells: 2/2 levels left

rFire   . . .      SeeInvis .    a - +2 dagger
rCold   . . .      Faith    .    (no shield)
rNeg    . . .      Spirit   +    b - +0 robe
rPois   .          Reflect  .    (no helmet)
rElec   .          Rampage  .    c - +0 cloak
rCorr   .                        (no gloves)
Will    .....                    (no boots)
Stlth   +++                      (no amulet)
HPRegen 0.23/turn                (no ring)
MPRegen 0.09/turn                (no ring)

@: no status effects
A: fangs 2, magic shield, antimagic bite, no potion heal 2
a: no special abilities


You were on level 1 of the Dungeon.
You visited 1 branch of the dungeon, and saw 2 of its levels.

You collected 56 gold pieces.

Inventory:

Hand Weapons
 a - a +2 dagger (weapon)
Missiles
 d - 9 poisoned darts (quivered)
 e - 3 curare-tipped darts
 g - 12 stones
Armour
 b - a +0 robe (worn)
 c - a +0 cloak (worn)
Jewellery
 j - an amulet of reflection
 M - a ring of magical power
Scrolls
 f - 2 scrolls of identify {unknown}
 i - a scroll of magic mapping {unknown}
Potions
 h - a potion of brilliance {unknown}


   Skills:
 - Level 1.7 Fighting
 + Level 2.3 Short Blades
 + Level 2.3 Throwing
 - Level 0.7 Dodging
 + Level 5.4 Stealth


You had 2 spell levels left.
You didn't know any spells.
Your spell library contained the following spells:

 Spells                   Type           Power      Damage    Failure   Level
 Fireball                 Conj/Fire      0%         3d3       100%        5
 Iskenderun's Battlesphe  Conj           0%         2d6       100%        5
 Conjure Ball Lightning   Conj/Air       0%         3x3d6     100%        6
 Orb of Destruction       Conj           0%         9d5       100%        7


Dungeon Overview and Level Annotations

Branches:
Dungeon (2/15)

Altars:


Innate Abilities, Weirdness & Mutations

You have extremely sharp teeth.
When hurt, damage is shared between your health and your magic reserves.
Your bite disrupts and absorbs the magic of your enemies.
Potions cannot restore your health.


Message History

You start resting.
HP restored.
You start resting.
Magic restored.
Things that are here:
a ball python corpse; a bat corpse A bat is nearby!
Found 6 gold pieces.
You hit the bat.
You kill the bat!
You pick up a book of the Spheres and begin reading...
You add the spells Iskenderun's Battlesphere, Fireball, Conjure Ball Lightning and Orb of Destruction to your library.
You now have 27 gold pieces (gained 6).
You open the door.
There is an open door here.
You open the door. You open the door. You open the door.
There is an open door here.
You now have 35 gold pieces (gained 8).
There is an open door here.
There is an open door here.
There is an open door here.
There is an open door here.
You see here a ball python corpse.
M - a ring of magical power You now have 49 gold pieces (gained 14).
i - a scroll labelled IZIPAMM DACUN
j - an amulet of reflection You open the door.
There is an open door here.
You open the door.
There is an open door here.
You now have 56 gold pieces (gained 7).
There is an open door here.
You open the door.
There is an open door here.
Done exploring.
Done exploring.
Done exploring.
Done exploring.
Search for what [? for help]? .
(D) Dungeon
Where to? (? - help)
There is an open door here.
There is a stone staircase leading down here.
You climb downwards.
There is a stone staircase leading up here.
There are monsters nearby!
A gnoll comes into view. It is wielding a +0 club.
You hit the gnoll. Your bite misses the gnoll.
The gnoll is moderately wounded.
You hit the gnoll.
The gnoll is moderately wounded.
The gnoll hits you but does no damage.
You barely miss the gnoll. Your bite misses the gnoll.
The gnoll is moderately wounded.
The gnoll hits you with a +0 club.
You hit the gnoll.
The gnoll is heavily wounded.
The gnoll closely misses you.
You closely miss the gnoll. You bite the gnoll. You drain its power.
The gnoll is heavily wounded.
The gnoll barely misses you.
You hit the gnoll.
The gnoll is almost dead.
The gnoll shouts!
The gnoll hits you with a +0 club!
You barely miss the gnoll. You bite the gnoll.
You kill the gnoll!
There is a stone staircase leading up here.
The quokka bites you but does no damage.
The gnoll barely misses you.
You climb upwards.
There is a stone staircase leading down here.
You hit the quokka but do no damage. The quokka bites you.
The gnoll hits you but does no damage.
You hit the quokka.
The quokka is moderately wounded.
The quokka bites you.
You completely miss the quokka.
The quokka is moderately wounded.
The gnoll closely misses you. The quokka bites you.
You hit the quokka.
The quokka is severely wounded.
The quokka bites you.
* * * LOW HITPOINT WARNING * * *
The gnoll hits you with a +0 club.
* * * LOW HITPOINT WARNING * * *
You miss the quokka. You bite the quokka. You drain its power.
You feel invigorated.
The quokka is almost dead.
The quokka twitches its whiskers.
The quokka barely misses you. The gnoll hits you with a +0 club.
You barely miss the quokka. Your bite misses the quokka.
The quokka is almost dead.
The quokka bites you.
* * * LOW HITPOINT WARNING * * *
The gnoll hits you with a +0 club!
You die...

####.##..# #.# #.###
.....###.###)#######'###
###### #.....##........#
#####..#........#
#..#........#
#..#........#
#..'........#
#.##.g......#
#.##.@......#
#.###r####### #.###.#
#.....# #####.# #.# #.#
###


You could see a gnoll and a quokka.

Vanquished Creatures
  A gnoll (D:2)
  A dart slug (D:1)
  An endoplasm (D:1)
  A giant cockroach (D:1)
  A goblin (D:1)
  2 hobgoblins (D:1)
  4 jackals (D:1)
  2 quokkas (D:1)
  2 ball pythons (D:1)
  3 bats (D:1)
  2 rats (D:1)
20 creatures vanquished.

Notes
Turn   | Place    | Note
-------+----------+-------------------------------------------
     0 | D:1      | GloriousHammer the Vine Stalker Brigand began the quest for
                  | the Orb.
     0 | D:1      | Reached XP level 1. HP: 11/11 MP: 2/2
    72 | D:1      | Found a faded altar of an unknown god.
    88 | D:1      | Reached skill level 5 in Stealth
    90 | D:1      | Reached XP level 2. HP: 11/15 MP: 3/3
   292 | D:1      | Reached XP level 3. HP: 14/18 MP: 2/4
   584 | D:1      | Mangled by a gnoll

Illustrated notes

Levels and vault maps discovered:
D:1:      mushboom_english_gardens, layout_basic,
          hellmonk_ecumenical_altar_run_dry, minmay_door_square, minmay_bisected
D:2:      layout_rooms, minmay_crystal_room, uniq_natasha,
          uniq_crazy_yiuf_cottage

Skill      XL: |  1 |
---------------+----+-----
Throwing       | 2 |  2.3
Stealth        | 5 |  5.4
Short Blades   | 2 |  2.3
Fighting       | |  1.7
Dodging        | |  0.7

Action                     || total
---------------------------++-------
  Melee: Dagger            ||    46
         Bite              ||     8
         Punch             ||     1
   Stab: Sleeping          ||     7
 Armour: Robe              ||    22
  Dodge: Dodged            ||    23

Table legend: (Time is in decaauts)
 A = Elapsed time spent in this place.
 B = Non-inter-level travel time spent in this place.
 C = Inter-level travel time spent in this place.
 D = Time resting spent in this place.
 E = Time spent auto-exploring this place.
 F = Levels seen in this place.
 G = Mean time per level.
                   A        B        C        D        E       F      G
               +--------+--------+--------+--------+--------+-----+--------+
         Total |    579 |    567 |     12 |     21 |    413 |   2 |  289.5 |
       Dungeon |    579 |    567 |     12 |     21 |    413 |   2 |  289.5 |
               +--------+--------+--------+--------+--------+-----+--------+

Top non-repeatable levels by time:
     D:1: 566 daAuts
     D:2: 13 daAuts
